 Dungeon Crawl Stone Soup version 0.30-a0-121-gb27577e5d9 (webtiles) character file.

Game seed: 11079887647128773458

15564 LnG the Basher (level 12, -54/108 HPs)
             Began as a Hill Orc Fighter on Sept 14, 2022.
             Was the Champion of Uskayaw.
             Annihilated by an enormous slime creature (75 damage)
             ... on level 11 of the Dungeon.
             The game lasted 00:43:07 (11458 turns).

LnG the Basher (Hill Orc Fighter)                  Turns: 11458, Time: 00:43:07

Health: -54/108    AC: 20    Str: 24    XL:     12   Next: 28%
Magic:  12/12      EV: 12    Int:  8    God:    Uskayaw [******]
Gold:   875        SH:  5    Dex: 10    Spells: 11/11 levels left

rFire   . . .      SeeInvis .    E - +6 shillelagh "Devastator" {shatter}
rCold   + . .      Faith    .    c - +0 buckler
rNeg    . . .      Spirit   .    x - +4 ring mail
rPois   .          Reflect  .    t - +1 helmet
rElec   .          Harm     .    (no cloak)
rCorr   .          Rampage  .    z - +2 pair of gloves
Will    +....                    m - +2 pair of boots
Stlth   +.........               r - amulet of regeneration
HPRegen 1.08/turn                y - ring of protection from cold
MPRegen 0.13/turn                g - ring of willpower

@: no status effects
A: no striking features
a: Renounce Religion, Stomp, Line Pass, Grand Finale


You were on level 11 of the Dungeon.
You worshipped Uskayaw.
Uskayaw was noncommittal.
You visited 2 branches of the dungeon, and saw 12 of its levels.
You also visited: Ossuary and Bailey.

You collected 875 gold pieces.

Inventory:

Hand Weapons
 a - a +1 war axe of protection
 n - a +2 war axe of freezing
 q - the +7 long sword "Tergh" {venom, MP+9}
   (You found it in a bailey)

   It poisons the flesh of those it strikes.
   MP:        It affects your magic capacity (+9).
 E - the +6 shillelagh "Devastator" (weapon) {shatter}
   (You found it on level 5 of the Dungeon)

   It releases a powerful concussive burst when it strikes, dealing extra damage
   to the target and all other foes adjacent to them.
Missiles
 B - 3 throwing nets
 P - 4 boomerangs (quivered)
Armour
 b - a +0 scale mail
 c - a +0 buckler (worn)
 m - a +2 pair of boots (worn)
 t - a +1 helmet (worn)
 x - a +4 ring mail (worn)
 z - a +2 pair of gloves (worn)
Jewellery
 g - a ring of willpower (right hand)
 r - an amulet of regeneration (around neck)
 u - a +6 ring of intelligence
 y - a ring of protection from cold (left hand)
 G - a +4 ring of evasion
Wands
 k - a wand of iceblast (1)
 o - a wand of flame (6)
 L - a wand of paralysis (6)
 O - a wand of light (5)
Scrolls
 e - 2 scrolls of blinking
 h - 3 scrolls of teleportation
 j - a scroll of vulnerability
 w - 2 scrolls of butterflies
 A - 3 scrolls of fear
 D - 2 scrolls of immolation
 H - 2 scrolls of amnesia
 M - 2 scrolls of enchant weapon
Potions
 d - 3 potions of might
 f - 2 potions of brilliance
 i - a potion of flight {unknown}
 l - 3 potions of curing
 p - 2 potions of magic {unknown}
 s - 3 potions of mutation {unknown}
 v - 5 potions of cancellation
 C - 3 potions of haste
 F - a potion of berserk rage {unknown}
 I - a potion of lignification {unknown}
 K - 4 potions of heal wounds
 N - 2 potions of invisibility {unknown}
Miscellaneous
 J - a tin of tremorstones (2/2)


   Skills:
 + Level 10.6 Fighting
 + Level 7.5(11.6) Axes
 + Level 11.7(12.3) Maces & Flails
 + Level 8.8 Armour
 + Level 6.3 Dodging
 + Level 3.3 Stealth
 + Level 8.2 Shields
 + Level 1.3 Evocations


You had 11 spell levels left.
You didn't know any spells.
Your spell library contained the following spells:

 Spells                   Type           Power      Damage    Failure   Level
 Apportation              Tloc           0%         N/A       61%         1
 Gell's Gravitas          Tloc           0%         N/A       93%         3
 Kindle Blastsparks       Fire/Tloc/Air  0%         2d10      93%         3
 Lesser Beckoning         Tloc           0%         N/A       93%         3
 Ozocubu's Armour         Ice            0%         N/A       93%         3
 Portal Projectile        Hex/Tloc       0%         N/A       93%         3
 Teleport Other           Tloc           0%         N/A       93%         3
 Tukima's Dance           Hex            0%         N/A       93%         3
 Fulminant Prism          Conj/Hex       0%         3d6       100%        4
 Iskenderun's Mystic Bla  Conj/Tloc      0%         2d3       100%        4
 Leda's Liquefaction      Hex/Erth       0%         N/A       100%        4
 Passage of Golubria      Tloc           0%         N/A       100%        4
 Summon Ice Beast         Ice/Summ       0%         N/A       100%        4
 Alistair's Intoxication  Tmut/Pois      0%         N/A       100%        5
 Blade Hands              Tmut           0%         N/A       100%        5
 Lee's Rapid Deconstruct  Erth           0%         3d5*      100%        5
 Metabolic Englaciation   Hex/Ice        0%         N/A       100%        5
 Summon Mana Viper        Hex/Summ       0%         N/A       100%        5
 Yara's Violent Unravell  Hex/Tmut       0%         3d3       100%        5
 Simulacrum               Ice/Necr       0%         N/A       100%        6
 Statue Form              Tmut/Erth      0%         N/A       100%        6
 Spellforged Servitor     Conj/Summ      0%         N/A       100%        7


Dungeon Overview and Level Annotations

Branches:
Dungeon (11/15)            Temple (1/1) D:7            Lair (0/5) D:9
Ossuary (visited)          Bailey (visited)
    Orc: D:9-12

Altars:
Ashenzari
Cheibriados
Dithmenos
Elyvilon
Fedhas
Gozag
Hepliaklqana
Kikubaaqudgha
Makhleb
Nemelex Xobeh
Okawaru
Qazlal
Ru
Sif Muna
Trog
Uskayaw
Vehumet
Wu Jian
Xom
Yredelemnul
Zin
The Shining One

Shops:
D:4 *

Annotations:
D:5 3 runed translucent doors, gregwegmann's ghost, novice GrEE


Message History

You hit the tengu warrior.
The slime creatures shudder.
The slime creature is heavily wounded.
The slime creature is almost dead.
You kill the tengu warrior!
Two slime creatures merge to form a large slime creature.
You thump the large slime creature!
The large slime creature shudders.
The large slime creature is severely wounded. x2
You hit the large slime creature.
The large slime creatures shudder.
The large slime creature is almost dead.
The large slime creature is lightly wounded.
The large slime creature is almost dead.
A large slime creature splits.
You hit the large slime creature.
The large slime creature and the slime creatures shudder.
The large slime creature is almost dead.
The slime creature is lightly wounded. x2
The large slime creature is almost dead.
Two slime creatures merge to form a very large slime creature.
You completely miss the very large slime creature.
The very large slime creature is severely wounded.
Two slime creatures merge to form an enormous slime creature.
You hit the enormous slime creature.
The enormous slime creature shudders.
The enormous slime creature is heavily wounded. x2
You hit the enormous slime creature.
The enormous slime creature shudders.
The enormous slime creature is heavily wounded. x2
The enormous slime creature barely misses you.
You sock the enormous slime creature!
The enormous slime creature shudders.
The enormous slime creature is severely wounded. x2
The enormous slime creature closely misses you.
You barely miss the enormous slime creature.
The enormous slime creature is severely wounded.
The enormous slime creature hits you!!
* * * LOW HITPOINT WARNING * * *
You sock the enormous slime creature!
The enormous slime creature shudders.
The enormous slime creature is severely wounded. x2
You sock the enormous slime creature!
The enormous slime creature shudders.
The enormous slime creature is severely wounded. x2
The enormous slime creature hits you!!!!
Ouch! That really hurt!
You die...

# .# ... ....
....#
#######.....#
###.$..@J..#
##.....###.....#
#.......# .....
#..#.#..# ###.
#..#.#..#
#..#.#..#
#..#.#..#
#)......#
####.####


You could see an enormous slime creature.

Vanquished Creatures
  Erolcha (D:10)
  3 two-headed ogres
  2 tengu warriors (D:11)
  2 ugly things
  A cyclops (D:7)
  2 unseen horrors
  3 slime creatures
  2 hornets
  Sigmund (D:6)
  5 wyverns
  Eustachio (D:4)
  2 steam dragons
  5 water moccasins
  2 acid dragons
  11 orc warriors
  2 sky beasts (D:7)
  2 ice beasts
  3 black bears (D:9)
  4 ogres
  A wolf (D:9)
  23 centaurs
  A kobold brigand (D:10)
  2 gnoll sergeants
  An elf zombie (D:8)
  A necrophage (D:5)
  6 bullfrogs
  An elf skeleton (D:8)
  14 wights
  4 howler monkeys
  2 centaur zombies (Ossuary)
  2 quasits (D:5)
  3 hounds
  5 jellies
  9 orc priests
  2 human skeletons (D:8)
  Natasha (thrice) (D:3)
  Ijyb (D:3)
  3 iguanas
  9 orc wizards
  5 mummies (Ossuary)
  Robin (D:3)
  18 gnolls
  3 adders
  3 shadow imps (D:5)
  4 white imps
  6 ufetubi
  A worm (D:5)
  A dart slug (D:4)
  53 orcs
  5 ball pythons
  6 bats
  6 endoplasms
  4 giant cockroaches
  22 goblins
  16 hobgoblins
  9 jackals
  7 quokkas
  3 frilled lizards
  A hobgoblin zombie (Ossuary)
  18 kobolds
  2 orc zombies (D:8)
  8 rats
349 creatures vanquished.

Vanquished Creatures (collateral kills)
  An orc (D:3)
1 creature vanquished.

Vanquished Creatures (others)
  An orc (Bailey)
  A demonic plant (D:5)
  A fungus (D:9)
  41 plants
44 creatures vanquished.

Grand Total: 394 creatures vanquished

Notes
Turn   | Place    | Note
-------+----------+-------------------------------------------
     0 | D:1      | LnG the Hill Orc Fighter began the quest for the Orb.
     0 | D:1      | Reached XP level 1. HP: 19/19 MP: 1/1
   277 | D:1      | Reached XP level 2. HP: 22/27 MP: 2/2
   584 | D:1      | Reached XP level 3. HP: 31/33 MP: 3/3
   951 | D:1      | Found a faded altar of an unknown god.
  1392 | D:2      | Reached XP level 4. HP: 38/40 MP: 4/4
  2004 | D:3      | Noticed Natasha
  2018 | D:3      | Killed Natasha
  2123 | D:3      | Found a sacrificial altar of Ru.
  2125 | D:3      | Noticed Natasha
  2133 | D:3      | Reached XP level 5. HP: 20/47 MP: 5/5
  2139 | D:3      | Found a basalt altar of Yredelemnul.
  2338 | D:3      | Killed Natasha
  2427 | D:3      | Noticed Robin
  2445 | D:3      | Killed Robin
  2550 | D:3      | Noticed Ijyb
  2818 | D:3      | Found a bloodstained altar of Trog.
  2879 | D:3      | Found a sparkling altar of Nemelex Xobeh.
  2936 | D:3      | Found a burning altar of Makhleb.
  3021 | D:3      | Noticed Natasha
  3028 | D:3      | Killed Natasha
  3029 | D:3      | Reached skill level 5 in Axes
  3101 | D:4      | Reached XP level 6. HP: 53/53 MP: 6/6
  3169 | D:4      | Found an ancient bone altar of Kikubaaqudgha.
  3237 | D:4      | Noticed Eustachio
  3346 | D:3      | Killed Ijyb
  3662 | D:4      | Killed Eustachio
  3663 | D:4      | Reached skill level 5 in Fighting
  3663 | D:4      | Reached skill level 1 in Dodging
  3847 | D:4      | Reached XP level 7. HP: 61/61 MP: 7/7
  3965 | D:4      | Found an opulent altar of Gozag.
  3968 | D:4      | Found Gozag's Platinum Reserve.
  4658 | D:5      | Entered Level 5 of the Dungeon
  4665 | D:5      | Found the +6 shillelagh "Devastator" {shatter}
  4683 | D:4      | Reached skill level 5 in Armour
  5234 | D:4      | Reached XP level 8. HP: 69/69 MP: 8/8
  5295 | D:5      | Found a runed translucent gate.
  5295 | D:5      | Found a runed translucent gate.
  5295 | D:5      | Found a runed translucent gate.
  5297 | D:5      | Found an opulent altar of Gozag.
  5306 | D:5      | Noticed a troll
  5306 | D:5      | Noticed gregwegmann's ghost (novice GrEE)
  5479 | D:5      | Reached skill level 1 in Maces & Flails
  5527 | D:5      | Reached skill level 2 in Maces & Flails
  5676 | D:6      | Noticed Sigmund
  5697 | D:6      | Killed Sigmund
  5737 | D:6      | Reached skill level 3 in Maces & Flails
  5887 | D:6      | Reached skill level 4 in Maces & Flails
  6192 | D:6      | Reached skill level 1 in Stealth
  6192 | D:6      | Reached skill level 5 in Shields
  6192 | D:6      | Reached XP level 9. HP: 30/75 MP: 9/9
  6309 | D:7      | Reached skill level 5 in Maces & Flails
  6319 | D:7      | Noticed a two-headed ogre
  6354 | D:6      | HP: 1/78 [two-headed ogre/+0 giant club (14)]
  6414 | D:7      | Found a flagged portal.
  6428 | Bailey   | Entered a bailey
  6540 | Bailey   | Reached skill level 6 in Maces & Flails
  6768 | Bailey   | Reached skill level 7 in Maces & Flails
  6823 | Bailey   | Reached XP level 10. HP: 19/86 MP: 10/10
  7099 | Bailey   | Reached skill level 1 in Evocations
  7148 | Bailey   | Identified the +7 long sword "Tergh" {venom, MP+9}
  7261 | D:7      | Noticed a purple ugly thing
  7276 | D:6      | Killed a purple ugly thing
  7372 | D:7      | Noticed a two-headed ogre
  7379 | D:7      | Killed a two-headed ogre
  7380 | D:7      | Reached skill level 8 in Maces & Flails
  7389 | D:7      | Noticed a cyclops
  7400 | D:7      | Killed a cyclops
  7401 | D:7      | Reached skill level 5 in Dodging
  7497 | D:7      | Got the Precepts of Formation
  7521 | D:7      | Reached XP level 11. HP: 84/95 MP: 11/11
  7524 | D:7      | Reached skill level 9 in Maces & Flails
  7641 | D:7      | Found a broken altar of Ashenzari.
  7986 | D:7      | Found a staircase to the Ecumenical Temple.
  8026 | Temple   | Entered the Ecumenical Temple
  8034 | Temple   | Became a worshipper of Uskayaw the Reveller
  8522 | D:8      | Reached * piety under Uskayaw
  8524 | D:8      | Reached ** piety under Uskayaw
  8531 | D:8      | Reached *** piety under Uskayaw
  8804 | D:8      | Found a sand-covered staircase.
  8809 | Ossuary  | Entered an ossuary
  9663 | D:8      | Noticed a two-headed ogre
  9667 | D:8      | Killed a two-headed ogre
  9668 | D:8      | Reached skill level 10 in Maces & Flails
  9865 | D:9      | Reached **** piety under Uskayaw
  9873 | D:9      | Reached ***** piety under Uskayaw
 10052 | D:9      | Noticed a centaur warrior
 10052 | D:9      | Noticed a boulder beetle
 10053 | D:9      | Noticed a deep elf pyromancer
 10054 | D:9      | Noticed a death knight
 10056 | D:9      | Noticed a boulder beetle
 10057 | D:9      | Noticed a manticore
 10103 | D:9      | Found a staircase to the Lair.
 10354 | D:9      | Reached skill level 10 in Fighting
 10554 | D:10     | Entered Level 10 of the Dungeon
 10659 | D:10     | Noticed a two-headed ogre
 10670 | D:10     | Killed a two-headed ogre
 10671 | D:10     | Reached skill level 11 in Maces & Flails
 11074 | D:10     | Noticed a purple ugly thing
 11089 | D:10     | Killed a purple ugly thing
 11090 | D:10     | Reached XP level 12. HP: 93/106 MP: 12/12
 11294 | D:10     | Noticed Erolcha
 11300 | D:10     | Killed Erolcha
 11420 | D:11     | Noticed a tengu warrior
 11425 | D:11     | Noticed a tengu warrior
 11439 | D:11     | Killed a tengu warrior
 11445 | D:11     | Reached ****** piety under Uskayaw
 11448 | D:11     | Killed a tengu warrior
 11458 | D:11     | Annihilated by an enormous slime creature

Illustrated notes

Levels and vault maps discovered:
D:1:      heliophobic_arrival_dark_side_of_the_moon, layout_basic,
          basic_ecumenical_altar, st_stairs_4
D:2:      layout_loops_ring, serial_bayou, serial_bayou_shore_a,
          serial_bayou_lagoon_a, serial_bayou_pond_e, serial_bayou_pond_d
D:3:      layout_basic, jmf_multi_god_temple, mainiacjoe_overflow_tiny_flanked,
          mainiacjoe_overflow_brackets, trog_butcher_becter, uniq_ijyb,
          uniq_robin, uniq_natasha
D:4:      corexii_shantytown, layout_basic, nicolae_gozag_zags_fifth_avenue,
          mainiacjoe_overflow_paths, nicolae_figureground_pulse, uniq_eustachio
D:5:      layout_loops_ring, ebering_ghost_gozag, serial_demonic,
          serial_demonic_c, serial_demonic_d, serial_demonic_g,
          serial_demonic_c, serial_demonic_a, serial_demonic_a,
          dilly_guarded_unrand_devastator
D:6:      layout_cave_pools, uniq_sigmund
D:7:      minmay_the_grid_square_5x5_3x3
          [minmay_the_grid_square_5x5_doubleslash,
          minmay_the_grid_square_5x5_eight_small,
          minmay_the_grid_square_5x5_broken_cross,
          minmay_the_grid_square_5x5_beaten_path,
          minmay_the_grid_square_5x5_megaprize_open,
          minmay_the_grid_square_5x5_percent, minmay_the_grid_square_5x5_six,
          minmay_the_grid_square_5x5_empty, minmay_the_grid_square_5x5_empty],
          layout_basic, ashenzari_conservatory_becter, enter_bailey_4,
          amethyst_killhole
D:8:      layout_basic, nicolae_ossuary_entry_catacombs, minmay_between
D:9:      layout_long_grid, minmay_lair_entry_grove, st_stairs_2,
          onia_ninara_dug_in_and_dangerous
D:10:     layout_irregular_city, uniq_erolcha
D:11:     layout_loops_cross
Temple:   eino_narrow_crystal_temple

Skill      XL: |  1  2  3  4  5  6  7  8  9 10 11 |
---------------+----------------------------------+-----
Fighting       | 4 5 6 7 8 10 | 10.6
Axes           | 3 4 5 6 7 |  7.5
Armour         | 4 5 6 7 8 |  8.8
Shields        | 4 5 6 7 8 |  8.2
Dodging        | 1 2 3 4 5 6 |  6.3
Maces & Flails | 4 7 8 11 | 11.7
Stealth        | 1 3 |  3.3
Evocations     | 1 |  1.3

Action                   |  1- 3 |  4- 6 |  7- 9 | 10-12 || total
-------------------------+-------+-------+-------+-------++-------
Melee: War axe           |   138 |   166 |    87 |       ||   391
       Shillelagh        |       |       |   172 |   332 ||   504
Evoke: Wand              |       |       |     7 |     1 ||     8
  Use: Scroll            |     3 |     6 |     9 |    14 ||    32
       Potion            |     1 |       |     2 |     1 ||     4
 Stab: Paralysed         |       |       |       |     6 ||     6
Armor: Scale mail        |    81 |   117 |       |       ||   198
       Ring mail         |       |    43 |   158 |   136 ||   337
Dodge: Dodged            |    74 |   135 |   223 |   143 ||   575
Block: Buckler           |    47 |    58 |    85 |    71 ||   261

Table legend: (Time is in decaauts)
 A = Elapsed time spent in this place.
 B = Non-inter-level travel time spent in this place.
 C = Inter-level travel time spent in this place.
 D = Time resting spent in this place.
 E = Time spent auto-exploring this place.
 F = Levels seen in this place.
 G = Mean time per level.
                   A        B        C        D        E       F      G
               +--------+--------+--------+--------+--------+-----+--------+
         Total |  11582 |  10980 |    602 |   1281 |   6196 |  14 |  827.3 |
       Dungeon |  10456 |   9873 |    583 |   1192 |   5903 |  11 |  950.5 |
        Temple |    218 |    199 |     19 |      0 |    191 |   1 |  218.0 |
       Ossuary |     71 |     71 |      0 |      0 |      0 |   1 |   71.0 |
        Bailey |    836 |    836 |      0 |     89 |    102 |   1 |  836.0 |
               +--------+--------+--------+--------+--------+-----+--------+

Top non-repeatable levels by time:
     D:4: 1455 daAuts
     D:2: 1290 daAuts
     D:8: 1220 daAuts
     D:7: 1179 daAuts
     D:1: 1114 daAuts
     D:3: 1064 daAuts
     D:5: 938 daAuts
  Bailey: 836 daAuts
    D:10: 830 daAuts
     D:9: 719 daAuts
     D:6: 596 daAuts
  Temple: 218 daAuts
 Ossuary: 71 daAuts
    D:11: 47 daAuts
